AoeStats
← Will.I.Am

Arena

504600917Analyzed
4v4 RM · 25d ago on Sep 5, 2026· 47m 11s· 8 players
Game mode
Random Map
Map size
Large (8 player)
Population
200
Speed
Normal
Resources
Standard
Victory
Conquest
Starting age
Dark Age
Ending age
Imperial Age
RankedLock teamsTeams togetherTeam positionsShared explorationLock speedFull tech treeHidden civsTurbo modeCheats
Victory
Defeat
🇧🇷 Franks · Brazil
904
+16
🇿🇦 Turks · South Africa
897
+16
🇵🇪 Celts · Peru
895
+17
🇹🇷 Celts · Türkiye
809
+20
🇦🇺 Vietnamese · Australia
1044
-23
🇨🇴 Berbers · Colombia
977
-20
🇦🇺 Poles · Australia
808
-13
🇩🇪 Bulgarians · Germany
792
-13
Raposao_SP
11:00 Feudal Age
15:02 Castle Age
13:21 Double-Bit Axe
21:44 Gold Mining
25:30 Loom
26:24 Wheelbarrow
28:16 Gold Shaft Mining
28:14 Stone Mining
31:30 Imperial Age
29:16 Forging
29:32 Hand Cart
29:05 Town Watch
30:35 Iron Casting
30:06 Scale Barding Armor
30:06 Husbandry
31:45 Cavalier
32:59 Town Patrol
34:21 Chemistry
35:09 Blast Furnace
34:30 Chain Barding Armor
33:33 Pikeman
34:34 Paladin
39:27 Plate Barding Armor
38:53 Scale Mail Armor
38:16 Halberdier
El Travieso Scott
8:35 Loom
11:13 Feudal Age
16:22 Castle Age
14:45 Double-Bit Axe
14:53 Horse Collar
15:49 Gold Mining
19:26 Fervor
19:09 Loom
20:52 Wheelbarrow
22:12 Hand Cart
23:53 Stone Mining
24:36 Heavy Plow
24:47 Bow Saw
25:17 Gold Shaft Mining
25:43 Pikeman
25:45 Man-at-Arms
26:55 Town Watch
27:38 Gambesons
27:39 Arson
30:16 Forging
30:07 Scale Mail Armor
29:58 Fletching
30:09 Padded Archer Armor
32:11 Iron Casting
36:52 Stone Shaft Mining
39:58 Imperial Age
37:45 Chain Mail Armor
37:58 Ballistics
37:35 Murder Holes
37:50 Masonry
37:21 Treadmill Crane
40:08 Halberdier
40:14 Elite Woad Raider
41:14 Conscription
40:45 Stronghold
41:05 Furor Celtica
40:30 Capped Ram
40:33 Heavy Scorpion
41:28 Siege Ram
43:24 Blast Furnace
42:55 Plate Mail Armor
42:20 Bodkin Arrow
42:40 Leather Archer Armor
モ大は題の
0:26 Loom
12:17 Feudal Age
13:30 Double-Bit Axe
18:42 Castle Age
19:55 Wheelbarrow
19:07 Town Watch
22:28 Bow Saw
22:11 Fletching
22:33 Forging
22:23 Scale Mail Armor
25:32 Hand Cart
27:07 Stronghold
27:21 Murder Holes
27:51 Bodkin Arrow
27:59 Scale Mail Armor
28:54 Pikeman
37:28 Fortified Wall
39:01 Town Patrol
38:45 Treadmill Crane
39:08 Scale Mail Armor
42:57 Imperial Age
42:05 Arson
43:55 Capped Ram
44:56 Chain Mail Armor
45:17 Iron Casting
44:52 Siege Engineers
45:49 Chemistry
46:53 Siege Ram
hxrsh
11:55 Feudal Age
16:20 Castle Age
14:56 Double-Bit Axe
15:03 Gold Mining
20:52 Imperial Age
20:14 Padded Archer Armor
29:40 Horse Collar
31:42 Fervor
LeonSuarez
12:08 Feudal Age
16:25 Castle Age
15:14 Double-Bit Axe
19:02 Bloodlines
22:32 Scale Barding Armor
23:12 Forging
24:37 Husbandry
25:07 Bow Saw
24:44 Horse Collar
27:54 Wheelbarrow
30:34 Hand Cart
31:19 Heavy Plow
34:45 Chain Barding Armor
37:47 Iron Casting
40:11 Imperial Age
41:18 Cavalier
44:44 Fletching
Will.I.Am
8:52 Loom
10:38 Feudal Age
15:45 Castle Age
15:41 Double-Bit Axe
15:38 Horse Collar
15:49 Gold Mining
17:30 Heavy Plow
23:40 Pikeman
24:21 Squires
25:10 Bow Saw
24:57 Stone Mining
26:46 Elite Skirmisher
27:28 Padded Archer Armor
27:19 Fletching
32:59 Leather Archer Armor
32:40 Bodkin Arrow
38:49 Imperial Age
36:55 Wheelbarrow
37:26 Ballistics
36:55 Town Watch
38:41 Crossbowman
39:27 Thumb Ring
39:35 Husbandry
39:45 Bloodlines
40:37 Forging
42:50 Ring Archer Armor
42:21 Bracer
43:08 Elite Fire Lancer
43:46 Light Cavalry
45:55 Chemistry
44:51 Murder Holes
44:37 Treadmill Crane
45:12 Imperial Skirmisher
AOE_SHARK
0:46 Loom
11:48 Feudal Age
12:27 Double-Bit Axe
12:25 Horse Collar
12:37 Gold Mining
12:39 Stone Mining
21:22 Castle Age
27:35 Gold Shaft Mining
31:52 Imperial Age
30:14 Scale Mail Armor
30:19 Scale Barding Armor
31:47 Chain Mail Armor
33:44 Wheelbarrow
32:55 Town Watch
36:40 Plate Mail Armor
36:31 Chain Barding Armor
36:22 Forging
37:28 Hand Cart
37:13 Town Patrol
38:13 Heavy Plow
39:41 Elite Konnik
41:15 Stirrups
40:59 Onager
Good Knight
10:38 Feudal Age
8:54 Loom
11:17 Double-Bit Axe
11:28 Gold Mining
12:18 Wheelbarrow
11:32 Town Watch
12:25 Horse Collar
16:25 Stone Mining
22:34 Castle Age
23:27 Forging
23:36 Bow Saw
25:53 Husbandry
25:15 Light Cavalry
26:06 Bloodlines
26:18 Squires
26:04 Arson
27:14 Stone Shaft Mining
34:32 Imperial Age
32:58 Heavy Plow
34:00 Ballistics
35:22 Pikeman
36:29 Pikeman
38:33 Chemistry
41:33 Siege Engineers
42:38 Scale Mail Armor
44:51 Winged Hussar
46:21 Conscription
46:12 Szlachta Privileges
Connection lost

Rejoining the realm…

Still unreachable

The connection could not be restored.

Session expired

The server has moved on; the page needs a fresh start.